 Dungeon Crawl Stone Soup version 0.31-a0-192-ga50d7bf3bb (webtiles) character file.

Game seed: 7822184700065795292

254 qw the Skirmisher (level 5, -2/30 HPs)
             Began as a Deep Elf Hunter on June 23, 2023.
             Slain by Edmund
             ... wielding a +7 flail of protection
              (10 damage)
             ... on level 4 of the Dungeon.
             The game lasted 00:01:08 (2976 turns).

qw the Skirmisher (Deep Elf Hunter)                 Turns: 2976, Time: 00:01:09

Health: -2/30      AC:  6    Str: 10    XL:     5   Next: 90%
Magic:  7/7        EV: 11    Int: 14    God:
Gold:   162        SH:  0    Dex: 18    Spells: 4/4 levels left

rFire   + . .        Y - +3 arbalest (drain)
rCold   . . .        (shield currently unavailable)
rNeg    . . .        c - +0 ring mail
rPois   .            (no helmet)
rElec   .            d - +0 cloak
rCorr   .            (no gloves)
SInv    .            (no boots)
Will    +....        (no amulet)
Stlth   +            (no ring)
HPRegen 0.25/turn    (no ring)
MPRegen 0.10/turn

%: no passive effects
@: no status effects
A: fire resistance 1, strong-willed 1, mutation resistance 1, MP-powered wands
a: no special abilities


You were on level 4 of the Dungeon.
You visited 1 branch of the dungeon, and saw 4 of its levels.

You collected 162 gold pieces.


Innate Abilities, Weirdness & Mutations

Your flesh is heat resistant. (rF+)
You are strong-willed. (Will+)
You are somewhat resistant to further mutation.
You expend magic power (3 MP) to strengthen your wands.


   Skills:
 - Level 2.0 Fighting
 + Level 9.0 Ranged Weapons
 - Level 1.0 Armour
 - Level 2.4 Dodging
 - Level 1.2 Stealth


You had 4 spell levels left.
You didn't know any spells.
Your spell library was empty.

Inventory:

Hand Weapons
 Y - a +3 arbalest of draining (weapon)
Armour
 c - a +0 ring mail (worn)
 d - a +0 cloak (worn)
Scrolls
 a - 2 scrolls of poison {unknown}
 b - a scroll of identify
 j - a scroll of blinking {unknown}
 k - 2 scrolls of teleportation
Potions
 e - a potion of resistance {unknown}
 f - a potion of cancellation {unknown}
 g - a potion of curing {unknown}
 h - a potion of brilliance {unknown}
 i - a potion of mutation

Dungeon Overview and Level Annotations

Branches:
Dungeon (4/15)
 Temple: D:4-7

Altars:

Annotations:
D:2 1 runed translucent door, Crazy Yiuf
D:4 Edmund


Message History

The bolt closely misses the ball python.
The ball python closely misses you. The ball python constricts you.
The ball python bites you but does no damage.
The ball python constricts you.
You shoot a bolt. The bolt hits the ball python!!
You kill the ball python!
a - a scroll labelled BALOKK OZIETIL
Found an escape hatch in the floor.
You see here a staff of conjuration.
A quokka comes into view.
Enter note:
Enter note: You shoot a bolt.
The bolt hits the quokka!
You kill the quokka!
a - 2 scrolls labelled BALOKK OZIETIL (gained 1)
Found a stone staircase leading up and a stone staircase leading down.
Enter note:
Enter note:
j - a scroll labelled SIAKIO ZIHEGH
Enter note:
Enter note:
Found an escape hatch in the ceiling.
Enter note:
Enter note: Edmund the Younger comes into view.
He is wielding a +7 flail of protection.
Edmund shouts!
Enter note:
Enter note: You shoot a bolt.
The bolt barely misses Edmund.
You shoot a bolt. The bolt hits Edmund!
Edmund is moderately wounded.
You shoot a bolt.
The bolt hits Edmund but does no damage.
You drain Edmund.
Edmund is moderately wounded.
Edmund hits you with a +7 flail of protection.
Edmund hits you with a +7 flail of protection!
You shoot a bolt. The bolt closely misses Edmund.
Edmund hits you with a +7 flail of protection! x2
You die...

####.##.## ##.........#
#.###.# #.#.##.##..# ..#
..#..#.##|....# ####
##.###........# ###
#.###.#.## ########
###>###.#.#####.......
..........##..........
####.###.#.##.##.......
#....@@..#.............
#.<.#.###......##.#####.
. ...# #.####.##.#####.
... #.####.#........ ...
#.#.......#####. #.
##.#.##........#. #
#.......##.......
#.......######.##
#.##.##.## #.#


You could see Edmund (drained).

Vanquished Creatures
  An orc priest (D:3)
  Jessica (D:2)
  Natasha (thrice) (D:3)
  3 gnolls (D:3)
  A worm (D:2)
  2 dart slugs
  4 orcs (D:3)
  8 bats
  5 endoplasms
  11 giant cockroaches
  7 goblins
  5 hobgoblins
  3 jackals (D:1)
  8 kobolds
  4 quokkas
  9 ball pythons
  A frilled lizard (D:3)
  7 rats
83 creatures vanquished.

Notes
Turn   | Place    | Note
-------+----------+-------------------------------------------
     0 | D:1      | qw the Deep Elf Hunter began the quest for the Orb.
     0 | D:1      | Reached XP level 1. HP: 12/12 MP: 3/3
     0 | D:1      | 0 ||| qw: Version: 0.3-a-9-g12657ce
     0 | D:1      | 0 ||| qw: Game counter: 4586
     0 | D:1      | 0 ||| qw: Always use a shield: true
     0 | D:1      | 0 ||| qw: God list: Okawaru
     0 | D:1      | 0 ||| qw: Allow faded altars: false
     0 | D:1      | 0 ||| qw: Do Orc after D:15 true
     0 | D:1      | 0 ||| qw: Do second Lair branch before Depths: true
     0 | D:1      | 0 ||| qw: Lair rune preference: random
     0 | D:1      | 0 ||| qw: Plans: Normal
     0 | D:1      | 0 ||| PLANNING D:1-11
   103 | D:1      | Reached XP level 2. HP: 16/16 MP: 4/4
   107 | D:1      | Reached skill level 6 in Ranged Weapons
   351 | D:1      | Reached XP level 3. HP: 20/20 MP: 5/5
   415 | D:1      | Found a faded altar of an unknown god.
   502 | D:1      | 502 ||| UPGRADING to +0 cloak.
   507 | D:1      | 507 ||| READING scroll labelled VUCRIEWOFA.
   508 | D:1      | 508 ||| READING scroll labelled SUWAETZ BIUD.
   508 | D:1      | Identified a scroll of acquirement
   508 | D:1      | 508 ||| ACQUIRING +1 arbalest of draining
   508 | D:1      | Acquired a +1 arbalest of draining
   510 | D:1      | 510 ||| SWAPPING to +1 arbalest of draining.
   511 | D:1      | 511 ||| DROPPING +0 shortbow.
   512 | D:1      | 512 ||| READING scroll labelled GIWI ZAYBI.
   513 | D:1      | 513 ||| READING scroll labelled LIMELU LANO.
   517 | D:1      | 517 ||| READING scroll labelled ANOTEDUL BOLO.
   556 | D:1      | 556 ||| READING 2 scrolls labelled ACZAFA XILEDA.
   557 | D:1      | 557 ||| DROPPING scroll of butterflies.
   558 | D:1      | 558 ||| DROPPING scroll of revelation.
   678 | D:2      | Reached skill level 7 in Ranged Weapons
   707 | D:2      | Noticed Jessica
   711 | D:2      | Killed Jessica
   712 | D:2      | Reached XP level 4. HP: 12/25 MP: 6/6
   899 | D:2      | Found a runed translucent door.
   900 | D:2      | Noticed Crazy Yiuf
  1380 | D:2      | 1380 ||| UPGRADING to +0 scale mail.
  1390 | D:2      | 1390 ||| DROPPING +0 leather armour.
  1391 | D:2      | 1391 ||| READING 2 scrolls labelled GITTAO COUNUEP.
  1392 | D:2      | 1392 ||| READING scroll of enchant weapon.
  1392 | D:2      | 1392 ||| ENCHANTING +2 arbalest of draining.
  1393 | D:2      | 1393 ||| READING scroll labelled PIVOQ DYLYHUUC.
  1394 | D:2      | 1394 ||| DRINKING 2 red potions.
  1426 | D:2      | 1426 ||| DRINKING 2 fizzy brown potions.
  1426 | D:2      | Gained mutation: You expend magic power (3 MP) to
                  | strengthen your wands. [potion of mutation]
  1426 | D:2      | Gained mutation: You are strong-willed. (Will+) [potion of
                  | mutation]
  1426 | D:2      | Gained mutation: You are somewhat resistant to further
                  | mutation. [potion of mutation]
  1426 | D:2      | Gained mutation: Your flesh is heat resistant. (rF+)
                  | [potion of mutation]
  1427 | D:2      | 1427 ||| DRINKING 2 metallic yellow potions.
  1536 | D:2      | 1536 ||| DROPPING potion of lignification.
  1537 | D:2      | 1537 ||| DROPPING potion of berserk rage.
  1619 | D:3      | 1619 ||| STAIRDANCE
  1944 | D:3      | 1944 ||| READING 2 scrolls of identify.
  1944 | D:3      | 1944 ||| IDENTIFYING yellow potion
  1953 | D:3      | 1953 ||| Stepping ~*~*~tactically~*~*~ (water).
  1957 | D:3      | Reached skill level 8 in Ranged Weapons
  1959 | D:3      | 1959 ||| Stepping ~*~*~tactically~*~*~ (water).
  1965 | D:3      | 1965 ||| Stepping ~*~*~tactically~*~*~ (water).
  2143 | D:3      | Reached XP level 5. HP: 29/29 MP: 7/7
  2281 | D:3      | Noticed Natasha
  2284 | D:3      | Killed Natasha
  2366 | D:3      | 2366 ||| Stepping ~*~*~tactically~*~*~ (outnumbered).
  2368 | D:3      | 2368 ||| Stepping ~*~*~tactically~*~*~ (outnumbered).
  2372 | D:3      | Reached skill level 9 in Ranged Weapons
  2374 | D:3      | HP: 7/29 [orc/+0 flail (6)]
  2375 | D:3      | 2375 ||| READING 3 scrolls of teleportation.
  2376 | D:3      | 2376 ||| DRINKING potion of heal wounds.
  2378 | D:3      | Noticed Natasha
  2382 | D:3      | Killed Natasha
  2383 | D:3      | Reached skill level 1 in Armour
  2463 | D:3      | Noticed Natasha
  2465 | D:3      | Killed Natasha
  2657 | D:3      | 2657 ||| UPGRADING to +0 ring mail.
  2667 | D:3      | 2667 ||| DROPPING +0 scale mail.
  2668 | D:3      | 2668 ||| READING scroll labelled OGHASU OFEJA.
  2972 | D:4      | Noticed Edmund
  2976 | D:4      | Slain by Edmund

Levels and vault maps discovered:
D:1:      mainiacjoe_arrival_reflecting_pool, layout_basic,
          shapermc_ecumenical_altar_notcrosses, minmay_misc_feat_plants
D:2:      layout_loops_ring, st_stairs_10, minmay_split_cup_large, uniq_jessica,
          uniq_crazy_yiuf_cottage
D:3:      minmay_roachtagon, layout_basic, serial_rivers,
          chequers_serial_rivers_micro_b, chequers_serial_rivers_micro_c,
          chequers_serial_rivers_small_b, chequers_serial_rivers_small_b,
          chequers_serial_rivers_large_a, chequers_big_river, corexii_shack,
          minmay_ruptured, uniq_natasha
D:4:      minmay_chambers_of_twos, layout_loops_cross, uniq_edmund

Skill      XL: |  1  2  3  4  5 |
---------------+----------------+-----
Ranged Weapons | 6 7 8 9 |  9.0
Armour         | 1 |  1.0
Fighting       | 2 |  2.0
Dodging        | |  2.4
Stealth        | |  1.2

Action                     |  1- 3 |  4- 6 || total
---------------------------+-------+-------++-------
   Fire: Shortbow          |    79 |       ||    79
         Arbalest          |    13 |    89 ||   102
    Use: Scroll            |     6 |     6 ||    12
         Potion            |       |     4 ||     4
 Armour: Leather armour    |     6 |    10 ||    16
         Scale mail        |       |    10 ||    10
         Ring mail         |       |     2 ||     2
  Dodge: Dodged            |    18 |    26 ||    44

Table legend:
 A = Non-vault XP
 B = Vault XP
 C = Vault XP percentage of total XP
 D = Non-vault monster count
 E = Vault monster count
 F = Vault count percentage of total count
                 A         B        C        D         E       F
            +---------+---------+-------+---------+---------+-------
      Total |     253 |     110 |  30.3 |      61 |      22 |  26.5
            +---------+---------+-------+---------+---------+-------
        D:1 |      54 |       0 |   0.0 |      31 |       0 |   0.0
        D:2 |      20 |      49 |  71.0 |       9 |       7 |  43.8
        D:3 |     175 |      61 |  25.8 |      18 |      15 |  45.5
        D:4 |       4 |       0 |   0.0 |       3 |       0 |   0.0
            +---------+---------+-------+---------+---------+-------
